 Seeded DCSS version 0.28-a0-724-g66f9036eb4 (webtiles) character file.

Game seed: 20211027 (custom seed)

1 a11behringer the Skirmisher (level 1, 11/14 HPs)
             Began as a Gargoyle Fighter on Oct 27, 2021.
             Got out of the dungeon alive.
             The game lasted 00:00:42 (53 turns).

a11behringer the Skirmisher (Gargoyle Fighter)        Turns: 53, Time: 00:00:43

Health: 11/14      AC:  9    Str: 19    XL:     1   Next: 20%
Magic:  1/1        EV:  9    Int:  8    God:
Gold:   0          SH:  4    Dex:  9    Spells: 0/0 levels left

rFire   . . .      SeeInvis .   a - +0 flail
rCold   . . .      Faith    .   c - +0 buckler
rNeg    + . .      Spirit   .   b - +0 scale mail
rPois   ∞          Reflect  .   (no helmet)
rElec   +          Harm     .   (no cloak)
rCorr   .          Rampage  .   (no gloves)
Will    .....                   (no boots)
Stlth   ..........              (no amulet)
HPRegen 0.04/turn               (no ring)
MPRegen 0.07/turn               (no ring)

@: no status effects
A: sickness immunity, AC +2, negative energy resistance 1, electricity
resistance, torment resistance 1, petrification resistance
a: no special abilities


You escaped.
You visited 1 branch of the dungeon, and saw 1 of its levels.

Inventory:

Hand Weapons
 a - a +0 flail (weapon)
Armour
 b - a +0 scale mail (worn)
 c - a +0 buckler (worn)
Scrolls
 e - a scroll of immolation {unknown}
Potions
 d - a potion of might


   Skills:
 + Level 3.3 Fighting
 * Level 2.0 Maces & Flails
 + Level 3.3 Armour
 + Level 3.3 Shields


You couldn't memorise any spells.
You didn't know any spells.
Your spell library was empty.

Dungeon Overview and Level Annotations

Branches:
Dungeon (1/15)

Altars:

Shops:
D:1 (


Innate Abilities, Weirdness & Mutations

You are immune to sickness and miasma.
Your stone body is resilient. (AC +2)
You are immune to poison.
You resist negative energy. (rN+)
You are resistant to electric shocks. (rElec)
You are resistant to unholy torment.
You are immune to petrification.


Message History

Welcome, a11behringer the Gargoyle Fighter.
Game seed: 20211027 (custom seed); Press ? for a list of commands and other information.
Found an escape hatch in the floor.
Found a staircase leading out of the dungeon.
There is a dry fountain, spattered with blood here.
Found Septann's Antique Weapon Shoppe.
An endoplasm comes into view.
The endoplasm quivers.
The endoplasm freezes you.
You are frozen.
You hit the endoplasm.
The endoplasm is severely wounded.
The endoplasm freezes you.
You are frozen.
You hit the endoplasm.
The endoplasm is almost dead.
The endoplasm freezes you.
You are frozen.
You hit the endoplasm.
You kill the endoplasm!
e - a scroll labelled OKHEGG CAITAUWK
There is an entrance to Septann's Antique Weapon Shoppe here.
Found 23 stones.
Found a robe.
Found a stone staircase leading down.
There is a dry fountain, spattered with blood here.
There is a staircase leading out of the dungeon here.
You can't go down here!
Are you sure you want to leave the Dungeon?
This will make you lose the game!
You have escaped!

####### #⌠...⌠#
#..@..# #.....#
#..>..# ##⌠...⌠#
##.###### #..###.....
#.#########.......#.#.
##.##....#...........
#.#..##.#........#.#.
##...##.#........#.#.


There were no monsters in sight!

Vanquished Creatures
  An endoplasm (D:1)
1 creature vanquished.

Notes
Turn   | Place    | Note
-------+----------+-------------------------------------------
     0 | D:1      | a11behringer the Gargoyle Fighter began the quest for the
                  | Orb.
     0 | D:1      | Reached XP level 1. HP: 14/14 MP: 1/1
     9 | D:1      | Found Septann's Antique Weapon Shoppe.
    53 | D:$      | Got out of the dungeon alive.

Illustrated notes

Levels and vault maps discovered:
D:1:      amcnicky_arrival_gap_in_the_tavern_cellar, layout_basic,
          shapermc_ecumenical_altar_mp_ritualfount, serial_shops, shop

Action                   || total
-------------------------++-------
Melee: Flail             ||     3

Table legend: (Time is in decaauts)
 A = Elapsed time spent in this place.
 B = Non-inter-level travel time spent in this place.
 C = Inter-level travel time spent in this place.
 D = Time resting spent in this place.
 E = Time spent auto-exploring this place.
 F = Levels seen in this place.
 G = Mean time per level.
                   A        B        C        D        E       F      G
               +--------+--------+--------+--------+--------+-----+--------+
         Total |     53 |     28 |     25 |      0 |     11 |   1 |   53.0 |
       Dungeon |     53 |     28 |     25 |      0 |     11 |   1 |   53.0 |
               +--------+--------+--------+--------+--------+-----+--------+

Top non-repeatable levels by time:
     D:1: 53 daAuts
